PIO
BILLINGS MUSTANGS @ TEXAS (RK+) RANGERS
09/22/2068
 
TOP OF THE 1ST
Billings Mustangs batting - Pitching for Texas (Rk+) Rangers : RHP Luke Logan
Pitching: RHP Luke Logan
Batting: RHB Nate Pitts 0-0: Called Strike
0-1: Ball
1-1: Ball
2-1: Foul Ball, location: 2F
2-2: Ground out 6-3 (Groundball, 6, EV 94.4 MPH)
Batting: RHB Ryan Wheless 0-0: Ball
1-0: Ball
2-0: Reached on error, E3 (Groundball, 34, EV 83.8 MPH)
Batting: SHB Matt Colvin 0-0: Swinging Strike
0-1: Foul Ball, location: 2F
0-2: Ball
Wild Pitch!
Ryan Wheless to second
1-2: Fly out, F8 (Flyball, 8RM, EV 83.1 MPH)
Batting: RHB David Rose 0-0: Ball
1-0: Foul Ball, location: 2F
1-1: DOUBLE (Line Drive, 78XD, EV 109.4 MPH)
Ryan Wheless scores
Batting: RHB Steve Stiles 0-0: Called Strike
0-1: Ball
1-1: Ball
2-1: Fly out, F8 (Flyball, 8RM, EV 86.9 MPH)
Top of the 1st over - 1 run, 1 hit, 1 error, 1 left on base; Billings 1 - Texas (Rk+) 0
BOTTOM OF THE 1ST
Texas (Rk+) Rangers batting - Pitching for Billings Mustangs : LHP Nick Watson
Pitching: LHP Nick Watson
Batting: RHB Eric Abele 0-0: Ground out 6-3 (Groundball, 6M, EV 102.5 MPH)
Batting: LHB Tony Guerrero 0-0: Ball
1-0: Foul Ball, location: 2F
1-1: Ball
2-1: Ground out 4-3 (Groundball, 34, EV 99.4 MPH)
Batting: RHB Sam Manley 0-0: Foul Ball, location: 2F
0-1: Ball
1-1: Fly out, F5 (Flyball, 5D, EV 95.0 MPH)
Bottom of the 1st over - 0 runs, 0 hits, 0 errors, 0 left on base; Billings 1 - Texas (Rk+) 0
TOP OF THE 2ND
Billings Mustangs batting - Pitching for Texas (Rk+) Rangers : RHP Luke Logan
Batting: RHB Chris Gomez 0-0: Fly out, F3 (Popup, 3SF, EV 82.5 MPH)
Batting: RHB Danny de Leon 0-0: Fly out, F8 (Flyball, 8RD, EV 101.2 MPH)
Batting: RHB Hugo Garcia 0-0: Ball
1-0: Foul Ball, location: 2F
1-1: SINGLE (Line Drive, 7LS, EV 111.2 MPH)
Batting: RHB Josh Covey 0-0: Ball
1-0: Foul Ball, location: 2F
1-1: Foul Ball, location: 2F
1-2: Foul Ball, location: 2F
1-2: Strikes out swinging
Top of the 2nd over - 0 runs, 1 hit, 0 errors, 1 left on base; Billings 1 - Texas (Rk+) 0
BOTTOM OF THE 2ND
Texas (Rk+) Rangers batting - Pitching for Billings Mustangs : LHP Nick Watson
Batting: RHB Joe Baker 0-0: Ball
1-0: Fly out, F9 (Flyball, 9LS, EV 93.8 MPH)
Batting: SHB Steve Stoker 0-0: Ball
1-0: Ball
2-0: DOUBLE (Flyball, 8RXD, EV 96.2 MPH)
Batting: RHB Brian Davis 0-0: Ball
1-0: Foul Ball, location: 2F
1-1: Foul Ball, location: 2F
1-2: Ball
2-2: Ball
3-2: Base on Balls
Batting: SHB Al Gaxiola 0-0: Called Strike
0-1: Fly out, F8 (Flyball, 8RXD, EV 101.9 MPH)
Runner from 2nd tags up, SAFE at 3rd, no throw by CF
Batting: RHB Eli McConnell 0-0: Called Strike
0-1: Ball
1-1: Fielders Choice at 2nd, 6-4 (Groundball, 6, EV 89.4 MPH)
Bottom of the 2nd over - 0 runs, 1 hit, 0 errors, 2 left on base; Billings 1 - Texas (Rk+) 0
TOP OF THE 3RD
Billings Mustangs batting - Pitching for Texas (Rk+) Rangers : RHP Luke Logan
Batting: RHB Nate Pitts 0-0: Ball
1-0: Ball
2-0: Foul Ball, location: 2F
2-1: Ball
3-1: Foul Ball, location: 2F
3-2: Foul Ball, location: 2F
3-2: Base on Balls
Batting: RHB Ryan Wheless 0-0: Called Strike
0-1: Ball
1-1: Called Strike
Nate Pitts steals 2nd base (no throw)
1-2: Strikes out looking
Batting: SHB Matt Colvin 0-0: Ball
1-0: Foul Ball, location: 2F
1-1: Foul Ball, location: 2F
1-2: Foul Ball, location: 2F
1-2: Foul Ball, location: 2F
1-2: Foul Ball, location: 2F
1-2: Strikes out swinging
Batting: RHB David Rose 0-0: Swinging Strike
0-1: Foul Ball, location: 2F
0-2: Ball
1-2: Strikes out looking
Top of the 3rd over - 0 runs, 0 hits, 0 errors, 1 left on base; Billings 1 - Texas (Rk+) 0
BOTTOM OF THE 3RD
Texas (Rk+) Rangers batting - Pitching for Billings Mustangs : LHP Nick Watson
Batting: LHB Victor Benitez 0-0: Foul Ball, location: 2F
0-1: Ball
1-1: Ball
2-1: Foul Ball, location: 2F
2-2: Foul Ball, location: 2F
2-2: SINGLE (Flyball, 3D, EV 87.5 MPH)
Batting: RHB Eric Abele 0-0: Called Strike
0-1: Ball
1-1: SINGLE (Groundball, 6MD, EV 104.4 MPH) (infield hit)
Victor Benitez to second
Batting: LHB Tony Guerrero 0-0: Called Strike
0-1: Foul Ball, location: 2F
0-2: Ball
1-2: Fly out, F9 (Flyball, 89D, EV 104.4 MPH)
Batting: RHB Sam Manley 0-0: SINGLE (Groundball, 6MD, EV 95.0 MPH)
Victor Benitez to third
Eric Abele to second
Runner from 3rd tries for Home, SAFE, throw by CF to trailing runner, SAFE at third!
Batting: RHB Joe Baker 0-0: SINGLE (Flyball, 34D, EV 94.4 MPH)
Eric Abele scores
Sam Manley to second
Batting: SHB Steve Stoker 0-0: Foul Ball, location: 2F
0-1: Swinging Strike
0-2: Foul Ball, location: 2F
0-2: Ball
1-2: Foul Ball, location: 2F
1-2: Ball
2-2: Strikes out looking
Batting: RHB Brian Davis 0-0: Called Strike
0-1: Ball
1-1: Swinging Strike
1-2: Ball
2-2: Fielders Choice at 2nd, 6-4 (Groundball, 6, EV 103.8 MPH)
Bottom of the 3rd over - 2 runs, 4 hits, 0 errors, 2 left on base; Billings 1 - Texas (Rk+) 2
TOP OF THE 4TH
Billings Mustangs batting - Pitching for Texas (Rk+) Rangers : RHP Luke Logan
Batting: RHB Steve Stiles 0-0: Ground out U3 (Groundball, 3L, EV 100.0 MPH)
Batting: RHB Chris Gomez 0-0: Ball
1-0: Foul Ball, location: 2F
1-1: Foul Ball, location: 2F
1-2: Ball
2-2: Ball
3-2: Foul Ball, location: 2F
3-2: Foul Ball, location: 2F
3-2: Ground out 6-3 (Groundball, 6, EV 85.0 MPH)
Batting: RHB Danny de Leon 0-0: Called Strike
0-1: Foul Ball, location: 2F
0-2: Ground out 4-3 (Groundball, 4M, EV 83.1 MPH)
Top of the 4th over - 0 runs, 0 hits, 0 errors, 0 left on base; Billings 1 - Texas (Rk+) 2
BOTTOM OF THE 4TH
Texas (Rk+) Rangers batting - Pitching for Billings Mustangs : LHP Nick Watson
Batting: SHB Al Gaxiola 0-0: Called Strike
0-1: Swinging Strike
0-2: Ball
1-2: Strikes out looking
Batting: RHB Eli McConnell 0-0: Ball
1-0: Ball
2-0: Called Strike
2-1: Ball
3-1: Base on Balls
Batting: LHB Victor Benitez 0-0: Foul Ball, location: 2F
0-1: Ball
1-1: Foul Ball, location: 2F
1-2: Ball
2-2: Foul Ball, location: 2F
2-2: Ball
3-2: Foul Ball, location: 2F
3-2: SINGLE (Groundball, P, EV 87.5 MPH) (infield hit)
Eli McConnell to second
Batting: RHB Eric Abele 0-0: Called Strike
0-1: Fielders Choice at 2nd, 4-6 (Groundball, 4, EV 83.1 MPH)
Eli McConnell to third
Batting: LHB Tony Guerrero 0-0: Ball
1-0: Ball
2-0: Foul Ball, location: 2F
2-1: Ball
3-1: Foul Ball, location: 2F
3-2: Ground out 6-3 (Groundball, 6, EV 83.1 MPH)
Bottom of the 4th over - 0 runs, 1 hit, 0 errors, 2 left on base; Billings 1 - Texas (Rk+) 2
TOP OF THE 5TH
Billings Mustangs batting - Pitching for Texas (Rk+) Rangers : RHP Luke Logan
Batting: RHB Hugo Garcia 0-0: Called Strike
0-1: Ball
1-1: Foul Ball, location: 2F
1-2: Ground out 4-3 (Groundball, 4S, EV 78.8 MPH)
Batting: RHB Josh Covey 0-0: Called Strike
0-1: Swinging Strike
0-2: Ball
1-2: Foul Ball, location: 2F
1-2: Strikes out swinging
Batting: RHB Nate Pitts 0-0: Called Strike
0-1: Called Strike
0-2: Ball
1-2: Ground out 6-3 (Groundball, 6, EV 90.6 MPH)
Top of the 5th over - 0 runs, 0 hits, 0 errors, 0 left on base; Billings 1 - Texas (Rk+) 2
BOTTOM OF THE 5TH
Texas (Rk+) Rangers batting - Pitching for Billings Mustangs : LHP Nick Watson
Batting: RHB Sam Manley 0-0: Ball
1-0: Called Strike
1-1: Ball
2-1: Ground out 5-3 (Groundball, 56, EV 87.5 MPH)
Batting: RHB Joe Baker 0-0: Ball
1-0: Foul Ball, location: 2F
1-1: Ball
2-1: Ball
3-1: Base on Balls
Pitching: RHP Jonathan Harris
Batting: SHB Steve Stoker 0-0: Ball
1-0: Ball
2-0: Foul Ball, location: 2F
2-1: SINGLE (Line Drive, 34D, EV 95.0 MPH)
Joe Baker to second
Batting: RHB Brian Davis 0-0: Called Strike
0-1: Called Strike
0-2: Ball
1-2: Fly out, F7 (Line Drive, 78M, EV 90.0 MPH)
Batting: SHB Al Gaxiola 0-0: Ball
1-0: DOUBLE (Line Drive, 78D, EV 111.9 MPH)
Joe Baker scores
Steve Stoker to third
Batting: RHB Eli McConnell 0-0: Foul Ball, location: 2F
0-1: Ball
1-1: Ball
2-1: Fly out, F7 (Flyball, 7LS, EV 82.5 MPH)
Bottom of the 5th over - 1 run, 2 hits, 0 errors, 2 left on base; Billings 1 - Texas (Rk+) 3
TOP OF THE 6TH
Billings Mustangs batting - Pitching for Texas (Rk+) Rangers : RHP Luke Logan
Batting: RHB Ryan Wheless 0-0: Ground out 4-3 (Groundball, 4, EV 105.6 MPH)
Batting: SHB Matt Colvin 0-0: DOUBLE (Groundball, 3L, EV 94.4 MPH)
Batting: RHB David Rose 0-0: Ball
1-0: Ball
2-0: Foul Ball, location: 2F
2-1: Foul Ball, location: 2F
2-2: Fly out, F8 (Flyball, 78D, EV 109.4 MPH)
Batting: RHB Steve Stiles 0-0: Ball
1-0: Ball
2-0: Ball
3-0: Base on Balls
Batting: RHB Chris Gomez 0-0: Called Strike
0-1: Called Strike
0-2: Ball
1-2: Strikes out swinging
Top of the 6th over - 0 runs, 1 hit, 0 errors, 2 left on base; Billings 1 - Texas (Rk+) 3
BOTTOM OF THE 6TH
Texas (Rk+) Rangers batting - Pitching for Billings Mustangs : RHP Jonathan Harris
Batting: LHB Victor Benitez 0-0: Called Strike
0-1: Swinging Strike
0-2: Ball
1-2: Ball
2-2: Foul Ball, location: 2F
2-2: Foul Ball, location: 2F
2-2: Strikes out swinging
Batting: RHB Eric Abele 0-0: Ground out 4-3 (Groundball, 4S, EV 87.5 MPH)
Batting: LHB Tony Guerrero 0-0: Ball
1-0: Swinging Strike
1-1: Called Strike
1-2: Ball
2-2: Ball
3-2: Foul Ball, location: 2F
3-2: Strikes out swinging
Bottom of the 6th over - 0 runs, 0 hits, 0 errors, 0 left on base; Billings 1 - Texas (Rk+) 3
TOP OF THE 7TH
Billings Mustangs batting - Pitching for Texas (Rk+) Rangers : RHP Luke Logan
Batting: RHB Danny de Leon 0-0: Called Strike
0-1: Swinging Strike
0-2: Fly out, F9 (Flyball, 89S, EV 91.2 MPH)
Batting: RHB Hugo Garcia 0-0: DOUBLE (Line Drive, 7LM, EV 103.8 MPH)
Pinch Hitting: LHB Tom Griggs 0-0: Ball
1-0: Called Strike
1-1: Swinging Strike
1-2: Foul Ball, location: 2F
1-2: Strikes out swinging
Batting: RHB Nate Pitts 0-0: Ball
1-0: Called Strike
1-1: Ball
2-1: Foul Ball, location: 2F
2-2: Ball
3-2: SINGLE (Groundball, 25, EV 66.2 MPH) (infield hit)
Hugo Garcia to third
Batting: RHB Ryan Wheless 0-0: Called Strike
0-1: Called Strike
Nate Pitts steals 2nd base
0-2: Foul Ball, location: 2F
0-2: Ball
1-2: Ball
2-2: Strikes out looking
Top of the 7th over - 0 runs, 2 hits, 0 errors, 2 left on base; Billings 1 - Texas (Rk+) 3
BOTTOM OF THE 7TH
Texas (Rk+) Rangers batting - Pitching for Billings Mustangs : RHP Jonathan Harris
Now at SS: Adrian Gonzalez
Batting: RHB Sam Manley 0-0: Foul Ball, location: 2F
0-1: Swinging Strike
0-2: Foul Ball, location: 2F
0-2: Ball
1-2: Ground out 6-3 (Groundball, 56, EV 88.8 MPH)
Batting: RHB Joe Baker 0-0: Ball
1-0: Ground out 5-3 (Groundball, 56, EV 90.0 MPH)
Batting: SHB Steve Stoker 0-0: Foul Ball, location: 2F
0-1: Ball
1-1: Foul Ball, location: 2F
1-2: Hit by Pitch
Batting: RHB Brian Davis 0-0: Ball
1-0: Ball
2-0: Fly out, F6 (Popup, 6M, EV 58.1 MPH)
Bottom of the 7th over - 0 runs, 0 hits, 0 errors, 1 left on base; Billings 1 - Texas (Rk+) 3
TOP OF THE 8TH
Billings Mustangs batting - Pitching for Texas (Rk+) Rangers : RHP Luke Logan
Batting: SHB Matt Colvin 0-0: Ball
1-0: Ball
2-0: Foul Ball, location: 2F
2-1: Foul Ball, location: 2F
2-2: SOLO HOME RUN (Flyball, 89XD, EV 101.2 MPH), Distance : 431 ft
Batting: RHB David Rose 0-0: Ball
1-0: Swinging Strike
1-1: Ball
2-1: Called Strike
2-2: Ball
3-2: Base on Balls
Pitching: RHP David Aue
Batting: RHB Steve Stiles 0-0: Ball
1-0: Fly out, F3 (Popup, 3SF, EV 74.4 MPH)
Pinch Hitting: LHB Mark Stier 0-0: Foul Ball, location: 2F
0-1: Foul Ball, location: 2F
0-2: Ball
1-2: Ball
2-2: Strikes out swinging
Pinch Hitting: LHB Frank Cruzrivera 0-0: Ball
1-0: Ball
2-0: Ball
3-0: Called Strike
3-1: SINGLE (Line Drive, 8LS, EV 88.8 MPH)
David Rose to second
Runner from 2nd tries for 3rd, OUT! 8-5
Top of the 8th over - 1 run, 2 hits, 0 errors, 1 left on base; Billings 2 - Texas (Rk+) 3
BOTTOM OF THE 8TH
Texas (Rk+) Rangers batting - Pitching for Billings Mustangs : RHP Jonathan Harris
Pitching: RHP Alex Avila
Now at C: Frank Cruzrivera
Now in RF: Mark Stier
Batting: SHB Al Gaxiola 0-0: Foul Ball, location: 2F
0-1: Called Strike
0-2: Ball
1-2: Foul Ball, location: 2F
1-2: Strikes out swinging
Batting: RHB Eli McConnell 0-0: Ball
1-0: Called Strike
1-1: Ball
2-1: Foul Ball, location: 2F
2-2: Ball
3-2: Fly out, F9 (Flyball, 9S, EV 91.2 MPH)
Batting: LHB Victor Benitez 0-0: Ball
1-0: Ground out 5-3 (Groundball, 56, EV 81.2 MPH)
Bottom of the 8th over - 0 runs, 0 hits, 0 errors, 0 left on base; Billings 2 - Texas (Rk+) 3
TOP OF THE 9TH
Billings Mustangs batting - Pitching for Texas (Rk+) Rangers : RHP David Aue
Batting: RHB Hugo Garcia 0-0: Called Strike
0-1: Ground out 6-3 (Groundball, 6S, EV 88.8 MPH)
Batting: RHB Adrian Gonzalez 0-0: Ball
1-0: Foul Ball, location: 2F
1-1: Ball
2-1: Swinging Strike
2-2: Strikes out swinging
Batting: RHB Nate Pitts 0-0: Ball
1-0: Ball
2-0: SINGLE (Groundball, 6M, EV 105.6 MPH) (infield hit)
Batting: RHB Ryan Wheless 0-0: Ground out 2-3 (Groundball, 2L, EV 61.2 MPH)
Top of the 9th over - 0 runs, 1 hit, 0 errors, 1 left on base; Billings 2 - Texas (Rk+) 3
Sunday, June 20th , 2021 - OOTP Baseball 22.6 Build 56